 Dungeon Sprint DCSS version 0.31-a0-977-gc230f8ef24 (webtiles) character file.

Game seed: 6046951778427366708

260 Conn the Conjurer (level 6, -8/36 HPs)
             Began as an Octopode Fire Elementalist on Oct 29, 2023.
             Mangled by a neqoxec (14 damage)
             ... in the Dungeon (Sprint II: "The Violet Keep of Menkaure").
             The game lasted 00:02:42 (35 turns).

Conn the Conjurer (Octopode Fire Elementalist)        Turns: 35, Time: 00:02:43

Health: -8/36      AC:  1    Str:  8      XL:     6   Next: 17%
Magic:  3/15       EV: 14    Int: 17 (19) God:
Gold:   0          SH:  0    Dex: 12      Spells: 17/18 levels left

rFire   . . .        (no weapon)
rCold   x . .        (no shield)
rNeg    . . .        (helmet restricted)
rPois   .            (no amulet)
rElec   .            (no ring)
rCorr   .            (no ring)
SInv    .            (no ring)
Will    .....        (no ring)
Stlth   ++++         (no ring)
HPRegen 0.26/turn    (no ring)
MPRegen 0.14/turn    (no ring)
                     (no ring)

%: no teleportation
@: on berserk cooldown, hasted and slowed
A: almost no armour, amphibious, 8 rings, camouflage 1, gelatinous body 1,
(nimble swimmer 1), tentacles, cold vulnerability 1, inability to drink after
injury 1
a: no special abilities


You were in the Dungeon.
You visited 1 branch

Inventory:

Potions
 a - 3 potions of magic


   Skills:
 + Level 5.1 Dodging
 - Level 5.0 Stealth
 * Level 6.7 Spellcasting
 * Level 6.8 Conjurations
 + Level 5.6 Fire Magic


You had 17 spell levels left.
You knew the following spells:

 Your Spells              Type           Power      Damage    Failure   Level
a - Foxfire               Conj/Fire      100%       2x1d9     1%          1

Your spell library contained the following spells:

 Spells                   Type           Power      Damage    Failure   Level
 Scorch                   Fire           48%        2d7       1%          2
 Flame Wave               Conj/Fire      26%        2d8       9%          4
 Inner Flame              Hex/Fire       15%        N/A       11%         3
 Volatile Blastmotes      Fire/Tloc      30%        2d12      11%         3


Dungeon Overview and Level Annotations

Branches:
Dungeon (1/1)

Altars:


Innate Abilities, Weirdness & Mutations

You cannot wear most types of armour.
You are amphibious.
You can wear up to eight rings at the same time.
Your skin changes colour to match your surroundings (Stealth+).
Your rubbery body absorbs attacks. (AC +1, EV +1)
((You are camouflaged when in or above water. (Stealth+)))
You have tentacles for arms and can constrict up to eight enemies at once.
You are vulnerable to cold. (rC-)
You occasionally lose the ability to drink potions when taking damage.


Message History

Blink to where?
Press: ? - help, Dir - move target
As you read the scroll of blinking, it crumbles to dust.
Okay, then.
Casting: Foxfire (safe; 1% risk of failure)
Confirm with . or Enter, or press ? or * to list all spells.
You conjure some foxfire!
The foxfire hits the neqoxec.
The neqoxec is heavily wounded.
The neqoxec gestures at you.
Something tries to feed on your intellect!
Unknown command.
You tentacle-slap the neqoxec but do no damage.
Your grab misses the neqoxec.
The neqoxec is heavily wounded.
Your extra speed is starting to run out.
The foxfire hits the neqoxec.
The neqoxec is heavily wounded.
Unknown command.
Unknown command.
Casting: Foxfire (safe; 1% risk of failure)
Confirm with . or Enter, or press ? or * to list all spells.
You conjure some foxfire!
The neqoxec gestures at you.
Strange energies course through your body.
You occasionally lose the ability to drink potions when taking damage.
Unknown command.
You barely miss the neqoxec. You grab the neqoxec.
You squeeze the neqoxec, but do no damage.
The neqoxec is heavily wounded.
You constrict the neqoxec.
The foxfire hits the neqoxec.
The neqoxec is severely wounded.
The foxfire hits the neqoxec.
The neqoxec is severely wounded.
The neqoxec gestures at you.
You feel dopey. Something feeds on your intellect!
You tentacle-slap the neqoxec.
The neqoxec is almost dead.
You constrict the neqoxec. The neqoxec hits you!
You die...

###
#.###+#
#@3##.##
##3'.<.+
#.##.##
#.###+#
#


You could see 2 neqoxecs.

Vanquished Creatures
  2 neqoxecs (D)
2 creatures vanquished.

Vanquished Creatures (others)
  5 foxfires (D)
5 creatures vanquished.

Grand Total: 7 creatures vanquished

Notes
Turn   | Place    | Note
-------+----------+-------------------------------------------
     0 | D        | Conn the Octopode Fire Elementalist began the quest for the
                  | Orb.
     0 | D        | Reached XP level 1. HP: 11/11 MP: 3/3
     2 | D        | Noticed a neqoxec
     2 | D        | Noticed a neqoxec
     2 | D        | Noticed a neqoxec
     2 | D        | Noticed a neqoxec
     7 | D        | Gained mutation: You are vulnerable to cold. (rC-) [a
                  | neqoxec]
     9 | D        | Killed a neqoxec
    10 | D        | Reached skill level 5 in Stealth
    10 | D        | Reached skill level 5 in Spellcasting
    10 | D        | Reached skill level 5 in Conjurations
    10 | D        | Reached XP level 2. HP: 17/17 MP: 4/8
    10 | D        | Reached XP level 3. HP: 21/21 MP: 4/9
    10 | D        | Reached XP level 4. HP: 27/27 MP: 4/11
    10 | D        | Reached XP level 5. HP: 31/31 MP: 4/12
    13 | D        | Killed a neqoxec
    14 | D        | Reached skill level 5 in Dodging
    14 | D        | Reached skill level 5 in Fire Magic
    14 | D        | Reached XP level 6. HP: 36/36 MP: 4/15
    33 | D        | Gained mutation: You occasionally lose the ability to drink
                  | potions when taking damage. [a neqoxec]
    35 | D        | Mangled by a neqoxec

Illustrated notes

Levels and vault maps discovered:
D:        the_violet_keep_of_menkaure [sprint2_stairs_cluster_1,
          sprint2_shoproom, sprint2_temple, sprint2_basic_supplies,
          sprint2_obstacle_7, sprint2_obstacle_2, sprint2_obstacle_1,
          sprint2_obstacle_4, sprint2_obstacle_3, sprint2_timed_cluster_1,
          sprint2_smallroom_cluster_1, sprint2_smallroom_final_cluster_1,
          sprint2_transparent_cluster_1, sprint2_second_timed_cluster_1,
          sprint2_sniper_area_1, sprint2_heavy_combat_area_1,
          sprint2_mutation_trap_area_1, sprint2_forest_area_1,
          sprint2_light_combat_area_1, sprint2_behind_water_1,
          sprint2_near_end_vault_1]

Skill      XL: |  1  2  3  4  5 |
---------------+----------------+-----
Dodging        | 4 5 |  5.1
Stealth        | 5 |  5.0
Spellcasting   | 5 6 |  6.7
Conjurations   | 5 6 |  6.8
Fire Magic     | 4 5 |  5.6

Action                     |  1- 3 |  4- 6 || total
---------------------------+-------+-------++-------
  Melee: Unarmed           |     6 |    11 ||    17
         Tentacles         |     3 |     5 ||     8
         Constrict         |     1 |     2 ||     3
         Punch             |       |     1 ||     1
   Cast: Foxfire           |       |     4 ||     4
    Use: Potion            |     2 |     2 ||     4
         Scroll            |       |     1 ||     1
 Armour: Skin              |       |     9 ||     9
  Dodge: Dodged            |     2 |     6 ||     8

Table legend: (Time is in decaauts)
 A = Elapsed time spent in this place.
 B = Non-inter-level travel time spent in this place.
 C = Inter-level travel time spent in this place.
 D = Time resting spent in this place.
 E = Time spent auto-exploring this place.
 F = Levels seen in this place.
 G = Mean time per level.
                   A        B        C        D        E       F      G
               +--------+--------+--------+--------+--------+-----+--------+
         Total |     29 |     29 |      0 |      0 |      0 |   1 |   29.0 |
       Dungeon |     29 |     29 |      0 |      0 |      0 |   1 |   29.0 |
               +--------+--------+--------+--------+--------+-----+--------+

Top non-repeatable levels by time:
       D: 29 daAuts
